[Event "FIDE WTC Prel-A 2022"]
[Site "Jerusalem"]
[Date "2022.11.22"]
[Round "5.9"]
[White "Ivanchuk, Vasyl"]
[Black "Van Foreest, Jorden"]
[Result "0-1"]
[ECO "D40"]
[WhiteElo "2673"]
[BlackElo "2690"]
[Annotator "TA"]
[PlyCount "108"]
[EventDate "2022.11.20"]
[EventType "team-tourn"]
[EventCountry "ISR"]
[SourceTitle "playchess.com"]
[Source "ChessBase"]
[SourceQuality "1"]
[WhiteTeam "Ukraine"]
[BlackTeam "Netherlands"]
[WhiteTeamCountry "UKR"]
[BlackTeamCountry "NED"]
[TimeControl "2700+10"]

1. d4 d5 2. c4 e6 3. Nc3 c5 4. cxd5 exd5 5. Nf3 Nf6 6. e3 a6 7. b3 {[%emt 0:03:45] 7.g3 is becoming the main line. D40: Queen's Gambit Declined: Semi-Tarrasch with 5 e3.} Nc6 8. Bb2 Bg4 9. Be2 {[%emt 0:02:06] The position is equal.} Bxf3 10. Bxf3 {[%emt 0:00:04] With the idea dxc5.} cxd4 11. exd4 Bb4 12. O-O O-O (12... Bxc3 $5 13. Qe2+ (13. Bxc3 O-O $14) 13... Qe7 14. Qxe7+ (14. Bxc3 Qxe2 15. Bxe2 Ne4 $11) 14... Kxe7 15. Bxc3 Kd7 $11) 13. Na4 Re8 14. Nc5 {[%emt 0:00:31] [#]} b6 $146 ({Predecessor:} 14... Ne4 15. a3 Bxc5 16. dxc5 Qg5 17. Bxe4 Rxe4 18. Qd3 Rae8 19. Rad1 d4 20. b4 Qd5 {0-1 (38) Shlyakhtenko,R (2351)-Amburgy,R (2030) Cherry Hill 2021}) 15. Nd3 Bd6 16. Rc1 Rc8 17. Re1 Ne4 18. Re2 Qd7 (18... Qh4 19. g3 Qg5 20. Rec2 $16) 19. Rec2 Nf6 {[%emt 0:03:29] Inhibits Bg4.} 20. g3 g6 21. Bg2 {[%emt 0:02:43][%cal Od3e5] Threatens to win with Ne5! This bishop pair is nice.} Rc7 (21... Nb4 $11) 22. Qf1 {[%emt 0:03:21] Hoping for Bh3.} Re7 23. Bh3 Qe8 24. Ne5 Nb8 25. Ba3 $36 {[%emt 0:00:51][%mdl 2048] White has strong initiative.} Qd8 {[%emt 0:02:49] [#]} (25... Rxc2 $16 26. Rxc2 (26. Bxd6 Rxc1 27. Qxc1 Ra7 $11) 26... Bxa3) 26. Nd7 $1 $18 Rexd7 (26... Rxc2 27. Nxf6+) 27. Bxd6 Rxc2 28. Rxc2 Rxd6 29. Rc8 Qxc8 30. Bxc8 Nc6 31. Qxa6 (31. Bxa6 Nxd4 32. Qa1 Nc6 $18) 31... Nxd4 32. Kg2 {[%emt 0:00:01] Prevents Nf3.} Kg7 33. b4 Nc2 34. Qa4 Ne1+ 35. Kf1 Nf3 36. Qd1 Ne5 37. Qd4 Nf3 38. Qf4 (38. Qe3 $18) 38... Ne4 $16 39. Kg2 (39. Qc1 $16) 39... Ne1+ $11 40. Kf1 Nd3 (40... Nf3 $1 $11) 41. Qe3 $18 Ndxf2 {[%emt 0:00:15] aiming for ...d4.} 42. Qd4+ $1 Kg8 (42... Rf6 $142 43. a4 (43. Qxd5 $2 Nd1+ 44. Ke1 Rf1+ 45. Kxf1 Ne3+ 46. Ke2 Nxd5 $19) 43... Kg8) 43. a4 $2 (43. b5 $18) 43... Rc6 $14 44. Ba6 {[%emt 0:00:11][%mdl 1024] White has compensation.} Rc1+ $1 45. Kg2 Ng4 $2 (45... Rd1 $1 $11 46. Qxb6 Rd2) 46. Bd3 $4 (46. Qxb6 Rc2+ 47. Kg1 Rc1+ 48. Kg2 (48. Bf1 $2 Nd2 $19) 48... Rc2+ 49. Kg1 Rc1+ 50. Kg2 $11 (50. Bf1 $2 Nd2 $19)) (46. h3 $1 $18 {[%cal Rh3g4] is the narrow road to win.} Ngf6 47. Qxb6 Rc2+ 48. Kf1) 46... Rd1 $19 47. a5 Rd2+ (47... bxa5 $1 $19 48. h3 (48. bxa5 $2 h5 $19) 48... Rd2+ 49. Kg1 Ngf2 50. bxa5 Nxh3+ 51. Kf1 Nhg5) 48. Kg1 $2 {[%emt 0:00:05] [#]} (48. Kf3 $17 Nxh2+ 49. Kf4 bxa5 50. Qxd5) 48... Nef2 $2 {[%emt 0:00:23] Really sharp!} (48... Nxh2 49. Qe3 bxa5 50. bxa5 $16 (50. Bxe4 dxe4 51. Qxe4 axb4 $11)) (48... bxa5 $1 $19 {is more deadly.} 49. h3 Ngf2 50. bxa5 Nxh3+ 51. Kf1 Nhg5) 49. Qxd5 $2 (49. Qxb6 $17 Nxd3 50. h3) 49... Nh3+ {[%emt 0:00:08] Black is clearly winning.} (49... Rxd3 $2 {[#]} 50. Qxd3 $3 (50. Qa8+ Kg7 $14) 50... Nxd3 51. a6 Nxb4 52. a7 $18) ({Inferior is} 49... Nxd3 50. Qb7 Kg7 51. a6 $11) 50. Kf1 Ne3+ 51. Ke1 Rd1+ (51... Nxd5 $2 {perishes.} 52. Kxd2 bxa5 53. bxa5 $19) 52. Ke2 Nxd5 53. Kxd1 Nf2+ 54. Kd2 Nxd3 {[%emt 0:00:00] Weighted Error Value: White=0.49/Black=0.45} 0-1

[Event "FIDE WTC Prel-A 2022"]
[Site "Jerusalem"]
[Date "2022.11.22"]
[Round "5.10"]
[White "Van Foreest, Lucas"]
[Black "Shevchenko, Kirill"]
[Result "0-1"]
[ECO "E71"]
[WhiteElo "2585"]
[BlackElo "2649"]
[Annotator "TA"]
[PlyCount "52"]
[EventDate "2022.11.20"]
[EventType "team-tourn"]
[EventCountry "ISR"]
[SourceTitle "playchess.com"]
[Source "ChessBase"]
[SourceQuality "1"]
[WhiteTeam "Netherlands"]
[BlackTeam "Ukraine"]
[WhiteTeamCountry "NED"]
[BlackTeamCountry "UKR"]
[TimeControl "2700+10"]

1. d4 Nf6 2. c4 g6 3. Nc3 Bg7 4. e4 d6 5. h3 e5 6. d5 {[%emt 0:00:25] E71: King's Indian: 4 e4 d6 5 h3.} a5 7. Be3 Na6 8. Nf3 {[%emt 0:00:45] White has an edge.} Bd7 $5 {[%emt 0:00:15][%mdl 4] Leaves trodden paths.} 9. Bd3 {[%emt 0:00:38] [#]} Nh5 $146 ({Predecessor:} 9... O-O 10. O-O Nh5 11. Re1 Kh8 12. Bf1 Qe8 13. Be2 Nf6 14. Nh2 Ng8 15. Qd2 Qe7 {½-½ (48) Martinovic,S (2447)-Damljanovic,B (2564) Paracin 2012}) 10. Qd2 O-O 11. O-O-O Nf4 12. Bxf4 exf4 13. Qxf4 Nc5 14. Bc2 Rb8 (14... a4 $5 ) 15. e5 (15. Nd4 $14) 15... b5 $15 16. exd6 cxd6 17. Qxd6 Nb7 18. Qf4 bxc4 19. Ne5 Nc5 ({Black should play} 19... a4 $17 {[%cal Oa4a3] And now ...a3! would win.} 20. a3 (20. Bxa4 $2 Bxa4 21. Nxa4 Qd6 $19) (20. Nxc4 $2 Na5 $19) (20. Nxa4 $2 Bxa4 21. Bxa4 Qa5 $19) 20... Nd6) 20. Rhe1 $11 (20. Nxd7 Nxd7 21. a4 Rb4 $17) 20... Qc7 (20... a4 $11) 21. Re3 $1 $14 {[%emt 0:05:25][%cal Oe5g6] aiming for Nxg6!} Qb7 {[%emt 0:02:37] Chess con chili.} 22. Nxc4 a4 23. Kd2 {[%emt 0:02:26] [#]} (23. Rd2 $11 {remains equal.}) 23... Qa6 $1 $17 {[%emt 0:01:57] Threatens to win with ...Rb4.} ({Don't play} 23... Bxc3+ 24. bxc3 Qxd5+ 25. Qd4 Qxd4+ 26. cxd4 $14) 24. a3 {[%emt 0:01:49] [#] Against Rb4} f5 $1 {[%emt 0:06:37][%cal Oc5e4] Hoping for ...Ne4+!} ({Resist} 24... g5 25. Qxg5 Kh8 26. Qf4 $18 (26. Rg3 $2 Bh6 $19)) 25. h4 $2 (25. Ne5 $17 Rxb2 26. Nxd7 Nxd7 27. Rb1 Rxb1 28. Nxb1 (28. Bxb1 $2 Qf1 $17)) 25... Ne4+ $19 26. Bxe4 Qxc4 {[%emt 0:00:26][%mdl 64] Pin.  Weighted Error Value: White=0.39/Black=0.16 (very precise)} 0-1

[Event "FIDE WTC Prel-A 2022"]
[Site "Jerusalem"]
[Date "2022.11.22"]
[Round "5.11"]
[White "Bernadskiy, Vitaliy"]
[Black "Warmerdam, Max"]
[Result "1/2-1/2"]
[ECO "A13"]
[WhiteElo "2615"]
[BlackElo "2617"]
[Annotator "TA"]
[PlyCount "97"]
[EventDate "2022.11.20"]
[EventType "team-tourn"]
[EventCountry "ISR"]
[SourceTitle "playchess.com"]
[Source "ChessBase"]
[SourceQuality "1"]
[WhiteTeam "Ukraine"]
[BlackTeam "Netherlands"]
[WhiteTeamCountry "UKR"]
[BlackTeamCountry "NED"]
[TimeControl "2700+10"]

1. c4 e6 2. g3 d5 3. Bg2 d4 4. Nf3 Nc6 5. O-O Bc5 6. d3 {[%emt 0:00:11] A13: English Opening: 1...e6.} Nf6 7. Na3 {[%emt 0:02:32] 7.Nbd2 is the hot move.} O-O 8. Nc2 e5 9. b4 Nxb4 {[%emt 0:00:03] [#]} 10. Nxe5 $146 ({Predecessor:} 10. Nxb4 Bxb4 11. Nxe5 Re8 12. Nf3 Bc5 13. Rb1 Rb8 14. Re1 b6 15. Nd2 Bg4 16. h3 {1-0 (42) Janik,I (2470)-Nguyen,T (2569) Zlin 2020}) 10... Re8 11. Nf3 Nxc2 12. Qxc2 c6 13. a4 Bf5 14. Ba3 Qd6 15. Bxc5 Qxc5 16. Qb2 Rad8 17. Rfe1 Rd7 18. a5 Bg4 19. Qd2 Qh5 20. Qf4 c5 (20... Bxf3 $11 {is more appropriate.} 21. Qxf3 Qxf3 22. Bxf3 a6) 21. Rab1 (21. e3 $14) 21... Rde7 $11 22. Rb5 h6 23. Qd6 b6 ({Don't do} 23... Bxf3 24. Bxf3 Ng4 25. h4 $16) 24. axb6 axb6 25. Rb2 ({Reject} 25. Rxb6 Rxe2 26. Rxe2 Rxe2 27. Rb8+ Kh7 $17) 25... Re6 26. Qc7 R8e7 27. Qb8+ Re8 28. Qa7 Qf5 29. Rd2 (29. Nh4 $11 Qh5 30. f3) 29... Qh5 (29... g5 $1 $15) 30. Qa4 Bxf3 31. Bxf3 Ng4 32. h4 g5 33. Kg2 $1 gxh4 34. Rh1 Qg5 {[%emt 0:03:45] [#] Strongly threatening ...Nxf2.} 35. Rxh4 (35. Bxg4 $11 Qxg4 36. Rxh4) 35... Qxd2 (35... Nxf2 $1 $15 36. Ra2 b5 37. Qxb5 Nd1) 36. Rxg4+ $14 Kf8 $1 (36... Kh8 37. Qd7 Rxe2 38. Bxe2 Qxe2 39. Qxf7 Qxg4 40. Qxe8+ Kh7 41. Qe7+ Kg8 42. Qd8+ Kh7 43. Qxb6 $18) 37. Qa7 (37. Rf4 $1 $14 Rg6 38. Kh3 Rxe2 39. Qd7) 37... Rf6 {[%emt 0:00:05] And now ...h5 would win.} 38. Qd7 h5 39. Rg8+ {[%emt 0:00:59][%mdl 64] [#] Discovered Attack, Decoy} Kxg8 40. Qxe8+ $15 {[%emt 0:00:02][%mdl 4096] Endgame KQR-KQB} Kg7 {[%emt 0:00:08] aiming for ...Qg5.} 41. Bxh5 Qg5 42. Bf3 Qf5 43. Qb8 Re6 44. Kg1 Qe5 45. Qb7 Rf6 46. Kg2 Qf5 47. Qb8 Re6 48. Kg1 Rf6 49. Kg2 {[%emt 0:01:01] Weighted Error Value: White=0.11 (very precise) /Black=0.13 (very precise)} 1/2-1/2

[Event "FIDE WTC Prel-A 2022"]
[Site "Jerusalem"]
[Date "2022.11.22"]
[Round "5.12"]
[White "Kevlishvili, Robby"]
[Black "Oleksiyenko, Mykhaylo"]
[Result "1/2-1/2"]
[ECO "C07"]
[WhiteElo "2536"]
[BlackElo "2594"]
[Annotator "TA"]
[PlyCount "92"]
[EventDate "2022.11.20"]
[EventType "team-tourn"]
[EventCountry "ISR"]
[SourceTitle "playchess.com"]
[Source "ChessBase"]
[SourceQuality "1"]
[WhiteTeam "Netherlands"]
[BlackTeam "Ukraine"]
[WhiteTeamCountry "NED"]
[BlackTeamCountry "UKR"]
[TimeControl "2700+10"]

1. e4 e6 2. d4 d5 3. Nd2 c5 4. Ngf3 cxd4 5. Nxd4 Nf6 6. exd5 Nxd5 7. g3 {[%emt 0:00:59] C07: French Tarrasch: 3...c5, 4 Ngf3 and 4 exd5 Qxd5.} Be7 8. N2f3 O-O 9. Bg2 Qc7 10. O-O {[%emt 0:00:15] [#]} b6 $146 {[%emt 0:01:37] [#]} (10... Nc6 $11) ({Predecessor:} 10... Bf6 11. Qe2 a6 12. Rd1 h6 13. c4 Nb6 14. b3 e5 15. Nc2 Nc6 16. Ba3 Be7 17. Bxe7 Qxe7 {1-0 (35) Savon,V (2540)-Kogan,B Beltsy 1977}) 11. Bd2 (11. Ng5 $1 $16) 11... Bb7 12. Rc1 a6 13. c4 Nf6 14. Bf4 Qc8 15. Qe2 (15. Ne5 {keeps more tension.} Rd8 16. Bxb7 Qxb7 17. Qf3) 15... Nc6 16. Be3 Rd8 17. Rfd1 Bc5 18. Nxc6 Qxc6 19. Ne1 Qc7 20. Bxc5 bxc5 21. Bxb7 Qxb7 22. Nd3 Rdc8 23. Qe3 h6 24. Nxc5 Qxb2 25. Na4 Qb4 26. Nb6 Ng4 27. Qd4 e5 (27... Rd8 $1 $11 {keeps the balance.} 28. Nd7 (28. Qxg4 Qxb6 29. c5 Qc6 $11) (28. Nxa8 $2 Rxd4 29. Rxd4 Nxf2 $19) (28. Qxd8+ Rxd8 29. Rxd8+ Kh7 $17) 28... Qa4) 28. Qxg4 $16 (28. a3 {looks sharper.} Qb3 29. Rc3 Qb2 30. Qxg4 Qxb6 31. Qe4) 28... Qxb6 29. Qe4 Qe6 30. Rd5 {[%emt 0:00:17] White is much more active.} Re8 31. Re1 Rac8 32. c5 {[%emt 0:00:51][%cal Rd5e5] Against Qb6} f5 33. Qd3 ({But not} 33. Qxe5 $2 Qc6 34. a3 Rxe5 $19) (33. Qf3 $14) 33... e4 $11 34. Qd4 Rc6 35. Rb1 e3 36. fxe3 Qxe3+ 37. Qxe3 Rxe3 38. Rxf5 $14 {[%emt 0:06:30][%mdl 4096] Endgame KRR-KRR} (38. Rb6 $16 Ree6 39. Rb8+ Kh7 40. Kf2 (40. Rxf5 Re1+ 41. Kf2 Rc1 $11)) 38... Rc3 $11 {[%emt 0:01:01] The position is equal.} 39. Rb8+ Kh7 40. Ra8 Ra3 41. Ra7 Rxa2 42. Rff7 Rxc5 {[%emt 0:00:50] [#] aiming for ...Rc1+.} 43. Rxg7+ Kh8 44. Rh7+ Kg8 45. Rhg7+ Kh8 46. Rh7+ Kg8 {[%emt 0:00:01] Weighted Error Value: White=0.09 (flawless) /Black=0.10 (very precise)} 1/2-1/2